Unix NetHack Version 5.0.0-0 post-release - last build May 31 2026 23:59:36 (970b52f25bf058293b47ddfd14a1e40e571c508c,branch:main).

Game began 2026-06-01 17:44:08, ended 2026-06-01 18:13:35.

DaveT, lawful male human Priest

     ----------
     |+...?.?+|
     |....?...|                               --------------
     |.......+|       -----------             |............|
     -----|----       |.........-#############....%........-##
          ###       ##..........|#           #-..{.<.......| #
            #####   # |.......>.|#           #-------------- #  ------------
           -----#   # |......*..|#           ###             ###...........|
           |...|#   # -----------###           #                |.......`..|
           |...|##  #              #           #                |...(......|
        ----.>.--|- #              ## ---------#                ------------
        |.......S@.##               # |........#          #####
        |.....{SSS|                 # |.......|    ########
        |......S..|                 ##-.......-#####
        -.---------                   ---------
         #

DaveT the Adept              St:10 Dx:14 Co:15 In:9 Wi:17 Ch:14  Lawful
Dlvl:2  $:37 HP:0(47) Pw:92(92) AC:0  Xp:7 T:4784  Burdened

Latest messages:
 You finish eating the food ration.
 You climb up the stairs.
 Felix misses!
 You kill Felix!
 You see here a lock pick.
 You have a little trouble lifting W - a lock pick.
 You fall down the stairs.
 You see here a yellow mold corpse.
 You hear bubbling water.
 You hear the chime of a cash register.
 What do you want to throw? [$zFLO or ?*] ?
 In what direction? h
 The dart misses the floating eye.
 The dart hits the floating eye.
 The dart hits the floating eye.
 The dart hits the floating eye.
 The dart hits the floating eye.
 The dart hits the floating eye.
 The dart hits the floating eye.
 The dart hits the floating eye.
 The dart hits the floating eye.
 You kill the floating eye!
 There is a floating eye corpse here; eat it? [ynq] (n) y
 This floating eye corpse tastes okay.
 You finish eating the floating eye corpse.
 You have a little trouble lifting z - 3 darts (at the ready).
 You hear the chime of a cash register.
 What do you want to dip? [a-cefjlnvwzBCEFHJ-LN-UW or ?*] C
 Dip a scroll of create monster into the fountain? [yn] (n) y
 Your scroll of create monster fades.
 An endless stream of snakes pours forth!
 The water moccasin bites!
 The water moccasin bites!
 The water moccasin misses!
 The water moccasin bites!
 The water moccasin bites!
 The water moccasin misses!
 The water moccasin bites!
 The water moccasin bites!
 The water moccasin bites!
 The water moccasin bites!
 The water moccasin misses!
 The water moccasin bites!
 The water moccasin's bite was poisoned!
 The water moccasin bites!
 The water moccasin just misses!
 The water moccasin bites!
 You die...
 Do you want your possessions identified? [ynq] (y) y
 Do you want to see your attributes? [ynq] (y) q

Inventory:
 Coins    ('$')
  $ - 37 gold pieces
 Weapons  (')')
  z - 3 +0 darts (at the ready)
  F - 24 +0 daggers
  O - a blessed +1 orcish dagger
  L - a blessed +1 aklys
  a - a blessed +3 mace (weapon in right hand)
 Armor    ('[')
  H - a blessed +1 orcish helm (being worn)
  B - a +0 pair of high boots (being worn)
  S - a +0 pair of water walking boots
  c - a blessed +0 small shield (being worn)
  v - a +0 mummy wrapping
  b - a blessed +3 robe (being worn)
 Comestibles  ('%')
  e - a clove of garlic
  Q - 3 food rations
  f - a sprig of wolfsbane
 Scrolls  ('?')
  C - a scroll of blank paper
  j - 2 scrolls of teleportation
 Potions  ('!')
  w - a potion of extra healing
  U - a potion of water
 Wands    ('/')
  n - a wand of digging (0:6)
 Tools    ('(')
  l - a bag of holding containing 1 item
  J - a brass lantern
  R - a brass lantern
  N - a lock pick
  T - a lock pick
  W - a lock pick
  E - a magic marker (0:45)
  K - an oil lamp
  P - a +0 pick-axe

Contents of the bag of holding:
  129 gold pieces

DaveT the Priest's attributes:

Background:
 You were an Adept, a level 7 human Priest.
 You were lawful, nominally on a mission for Amaterasu Omikami
 who was opposed by Raijin (neutral) and Susanowo (chaotic).
 You were right-handed.
 You were in the Dungeons of Doom, on level 2.
 You entered the dungeon 4784 turns ago.
 There was a full moon in effect when your adventure ended.
 You had 855 experience points, 425 more were needed to attain level 8.

Basics:
 You had 0 out of 47 hit points.
 You had all 92 energy points (spell power).
 Your armor class was 0.
 Your wallet contained 37 zorkmids, and
 you had 129 more stashed away in your pack.
 Autopickup was off.

Final Characteristics:
 Your strength was 10 (limit:18/100).
 Your dexterity was 14 (limit:18).
 Your constitution was 15 (limit:18).
 Your intelligence was 9 (limit:18).
 Your wisdom was 17 (limit:18).
 Your charisma was 14 (limit:18).

Final Status:
 You weren't hungry.
 You were burdened; movement was slightly slowed.
 You were wielding a mace.
 You were skilled in mace.

Final Attributes:
 You were piously aligned.
 You were telepathic.
 You were guarded.
 Your spell casting was enhanced by wearing a robe.
 You were lucky.
 You are dead.

Miscellaneous:
 You encountered 1 bones level.
 Total elapsed playing time was 29 minutes and 26 seconds.

Major events:
 Turn
    1: DaveT the lawful human Priest entered the dungeon
  434: entered the Gnomish Mines
  899: attained the rank of Acolyte (level 3)
 2858: attained the rank of Adept (level 6)
 3131: reached Mine Town
 4784: killed by a water moccasin

Spells:
 Name                 Level Category     Fail Retention
 detect monsters        1   divination     0%  76%-100%
 stone to flesh         3   healing       81%  76%-100%
 healing                1   healing        0%  76%-100%

Skills:
 Fighting Skills
   bare handed combat [Unskilled]
 Weapon Skills
   club               [Unskilled]
   mace               [Skilled]
   morning star       [Unskilled]
   flail              [Unskilled]
   hammer             [Unskilled]
   quarterstaff       [Unskilled]
   polearms           [Unskilled]
   spear              [Unskilled]
   trident            [Unskilled]
   lance              [Unskilled]
   bow                [Unskilled]
   sling              [Unskilled]
   crossbow           [Unskilled]
   dart               [Unskilled]
   shuriken           [Unskilled]
   boomerang          [Unskilled]
   unicorn horn       [Unskilled]
 Spellcasting Skills
   healing spells     [Unskilled]
   divination spells  [Unskilled]
   clerical spells    [Basic]

Voluntary challenges:
 Character rerolling was not enabled.
 You were an atheist.
 You never genocided any monsters.
 You never polymorphed an object.
 You never changed form.
 You used no wishes.
Achievements:
 You entered the Gnomish Mines.
 You entered a shop.
 You attained the rank of Acolyte.
 You attained the rank of Adept.
 You entered Minetown.
 You entered a temple.

 The Dungeons of Doom: levels 1 to 5
    Level 1:
       A fountain.
    Level 2: <- You were here.
       A scroll shop, some fountains.
       Stairs down to The Gnomish Mines.
       Final resting place for
          you, killed by a water moccasin.
    Level 3:
       A general store, a fountain.
    Level 4: "vault"
       A general store, a fountain.
    Level 5:
       Final resting place for
          pots164-Kni-Hum-Mal-Law, slipped while mounting a saddled pony.
 The Gnomish Mines: levels 3 to 6
    Level 3:
    Level 4:
    Level 5:
       Many shops, a temple and an altar, many fountains.
    Level 6:


Vanquished creatures:
  a small mimic
  2 leprechauns
  a dog
  a rock piercer
  5 gnome leaders
  3 gnomish wizards
  a kobold mummy
  a gray ooze
  5 elf zombies
  2 floating eyes
  2 kittens
  a homunculus
  a kobold leader
 11 hill orcs
  3 rothes
  2 giant bats
 an orc zombie
  a dwarf zombie
 an acid blob
  2 coyotes
  a hobgoblin
  a giant rat
  2 cave spiders
  2 yellow molds
  a red mold
 26 gnomes
  4 geckos
  2 goblins
  4 sewer rats
  8 grid bugs
  5 bats
  4 lichens
  6 newts
113 creatures vanquished.

No species were genocided or became extinct.

Game over:
                       ----------
                      /          \
                     /    REST    \
                    /      IN      \
                   /     PEACE      \
                  /                  \
                  |      DaveT       |
                  |      166 Au      |
                  |   killed by a    |
                  |  water moccasin  |
                  |                  |
                  |                  |
                  |       2026       |
                 *|     *  *  *      | *
        _________)/\\_//(\/(/\)/\//\/|_)_______

Goodbye DaveT the Priest...

You died in The Dungeons of Doom on dungeon level 2 with 3880 points,
and 166 pieces of gold, after 4784 moves.
You were level 7 with a maximum of 47 hit points when you died.

